Map: Pillars of Gold LE

Players

Einkebil - Winner!

  • Race: Protoss Protoss
  • Spawn Location: 1:00

VOD

Have the link to the VOD?

Description

Time

  • Played on: Dec. 4, 2020, 6:01 a.m.
  • Length: 24:49
Show
View Real Time Build Order
Export as new Build Order

Einkebil Protoss - Winner!

Build Orders:  

Get SALT Encoding   

  12  0:05  Probe (Chrono Boost)  
  14  0:22  Probe (Chrono Boost)  
  14  0:35  Pylon  
  14  0:39  Probe (Chrono Boost)  
  15  0:50  Assimilator  
  15  1:00  Assimilator  
  15  1:02  Probe (Chrono Boost)  
  16  1:13  Pylon  
  16  1:19  Probe (Chrono Boost)  
  17  1:36  Probe (Chrono Boost)  
  18  1:53  Probe (Chrono Boost)  
  18  1:55  Gateway  
  20  2:10  Probe (Chrono Boost)  
  20  2:23  Forge  
  20  2:27  Probe (Chrono Boost)  
  21  2:44  Probe (Chrono Boost)  
  23  3:01  Probe (Chrono Boost)  
  23  3:04  Pylon  
  23  3:15  Zealot  
  25  3:32  Protoss Ground Weapons Level 1  
  25  3:33  Nexus  
  25  3:48  Probe (Chrono Boost)  
  26  4:03  Assimilator  
  26  4:05  Probe (Chrono Boost)  
  27  4:12  Pylon  
  27  4:15  Zealot  
  29  4:29  Photon Cannon  
  29  4:36  Photon Cannon  
  29  4:46  Probe (Chrono Boost)  
  30  5:00  Zealot  
  30  5:03  Probe (Chrono Boost)  
  33  5:18  Probe (Chrono Boost)  
  35  5:20  Probe (Chrono Boost)  
  35  5:35  Probe (Chrono Boost)  
  35  5:38  Zealot  
  38  5:48  Probe (Chrono Boost)  
  39  6:05  Probe (Chrono Boost)  
  40  6:15  Zealot  
  40  6:19  Cybernetics Core  
  42  6:32  Protoss Shields Level 1  
  42  6:34  Photon Cannon  
  42  6:53  Pylon  
  42  6:57  Pylon  
  42  7:00  Nexus  
  42  7:08  Probe (Chrono Boost)  
  44  7:11  Probe (Chrono Boost)  
  44  7:20  Stalker  
  44  7:25  Probe (Chrono Boost)  
  44  7:28  Probe (Chrono Boost)  
  48  7:42  Probe (Chrono Boost)  
  48  7:45  Probe (Chrono Boost)  
  48  7:49  Protoss Air Weapons Level 1  
  50  7:53  Assimilator  
  50  7:59  Probe (Chrono Boost)  
  51  8:02  Stalker, Probe (Chrono Boost)  
  54  8:19  Probe (Chrono Boost)  
  55  8:20  Photon Cannon  
  55  8:22  Photon Cannon  
  55  8:36  Probe (Chrono Boost)  
  55  8:37  Pylon  
  56  8:43  Nexus  
  56  8:53  Probe (Chrono Boost)  
  56  8:57  Assimilator  
  57  9:09  Assimilator  
  57  9:16  Assimilator  
  57  9:25  Probe (Chrono Boost)  
  57  9:29  Photon Cannon  
  59  9:31  Photon Cannon, Probe (Chrono Boost)  
  59  9:32  Protoss Ground Armor Level 1  
  59  9:33  Photon Cannon  
  59  9:39  Stalker  
  62  9:42  Probe (Chrono Boost)  
  62  9:48  Probe (Chrono Boost)  
  63  9:59  Probe (Chrono Boost)  
  62  10:04  Probe (Chrono Boost)  
  61  10:16  Probe (Chrono Boost)  
  61  10:19  Photon Cannon  
  63  10:21  Photon Cannon, Stalker, Probe (Chrono Boost)  
  63  10:22  Photon Cannon x2  
  63  10:27  Photon Cannon  
  63  10:29  Photon Cannon  
  65  10:33  Probe (Chrono Boost)  
  65  10:34  Photon Cannon  
  65  10:38  Probe (Chrono Boost)  
  67  10:55  Probe (Chrono Boost)  
  68  11:03  Stalker  
  68  11:08  Probe (Chrono Boost)  
  71  11:12  Probe (Chrono Boost)  
  72  11:25  Probe (Chrono Boost)  
  72  11:29  Photon Cannon  
  73  11:42  Probe (Chrono Boost)  
  73  11:44  Stalker  
  73  11:49  Warp Gate  
  76  11:56  Assimilator  
  76  11:59  Probe (Chrono Boost)  
  77  12:00  Pylon, Nexus  
  77  12:01  Assimilator  
  77  12:06  Assimilator  
  77  12:16  Probe (Chrono Boost)  
  78  12:26  Stalker  
  81  12:42  Probe (Chrono Boost)  
  81  12:59  Probe (Chrono Boost)  
  82  13:00  Robotics Facility  
  82  13:01  Stargate  
  82  13:06  Stargate  
  82  13:08  Stalker  
  82  13:09  Stargate  
  84  13:16  Probe (Chrono Boost)  
  84  13:18  Twilight Council  
  85  13:36  Probe (Chrono Boost)  
  86  13:53  Probe (Chrono Boost)  
  88  14:10  Probe (Chrono Boost)  
  89  14:27  Probe (Chrono Boost)  
  89  14:29  Void Ray x2  
  90  14:30  Void Ray  
  102  14:44  Probe (Chrono Boost)  
  103  14:51  Probe (Chrono Boost)  
  104  15:01  Probe (Chrono Boost)  
  104  15:08  Probe (Chrono Boost)  
  105  15:16  Protoss Air Armor Level 1  
  105  15:21  Void Ray x3  
  105  15:25  Probe (Chrono Boost)  
  118  15:47  Pylon  
  118  15:50  Pylon  
  118  15:53  Pylon  
  118  15:55  Pylon  
  118  15:58  Pylon  
  116  16:08  Charge  
  112  16:13  Void Ray x2  
  112  16:17  Zealot  
  114  16:21  Phoenix  
  124  16:39  Gateway  
  124  16:45  Gateway  
  124  16:55  Zealot  
  124  16:56  Phoenix  
  128  17:05  Robotics Bay  
  128  17:13  Phoenix x2  
  132  17:31  Phoenix  
  136  17:47  Phoenix  
  136  17:48  Phoenix  
  140  17:54  Probe (Chrono Boost)  
  140  17:58  Void Ray  
  141  18:03  Zealot  
  145  18:22  Phoenix  
  145  18:23  Phoenix  
  149  18:34  Unknown  
  149  18:41  Zealot  
  149  18:46  Zealot x2  
  155  18:57  Phoenix  
  155  18:58  Blink, Phoenix  
  159  19:09  Unknown  
  159  19:19  Zealot  
  161  19:37  Pylon  
  155  19:57  Stalker  
  155  20:20  Phoenix x3  
  155  20:25  Unknown  
  161  20:39  Zealot  
  155  20:55  Phoenix x3  
  159  21:22  Void Ray x2  
  159  21:30  Phoenix  
  169  21:49  Zealot  
  171  21:52  Unknown  
  171  21:57  Void Ray  
  165  22:01  Stalker x2  
  169  22:14  Void Ray x2  
  165  22:27  Zealot  
  161  22:49  Void Ray  
  161  23:05  Zealot  
  161  23:06  Void Ray x2  
  171  23:34  Stalker  
  171  23:39  Stalker  
  175  23:43  Zealot  
  175  23:49  Phoenix  
  179  24:06  Phoenix  
Tags
 
Add a new tag
Caveats
  • Supply blocks, unpowered buildings, or Contaminate may cause inaccurate times.
  • Supply counts are checked every 10 seconds.